 Seeded DCSS version 0.28-a0-1613-gdaab1c2f9b (webtiles) character file.

Game seed: 11 (custom seed)

25085 knot the Cleaver (level 12, -8/121 HPs)
             Began as a Demonspawn Berserker on Jan 22, 2022.
             Was a High Priest of Trog.
             Mangled by a death yak (13 damage)
             ... in an ice cave.
             The game lasted 00:27:40 (19749 turns).

knot the Cleaver (Demonspawn Berserker)            Turns: 19749, Time: 00:27:40

Health: -8/121     AC: 13    Str: 25    XL:     12   Next: 86%
Magic:  0/12       EV: 11    Int: 12    God:    Trog [*****.]
Gold:   913        SH:  0    Dex: 15    Spells: 11/11 levels left

rFire   . . .      SeeInvis .   Q - +4 battleaxe (elec)
rCold   + + +      Faith    .   (shield currently unavailable)
rNeg    . . .      Spirit   +   U - +0 ice dragon scales
rPois   +          Reflect  .   z - +1 helmet
rElec   .          Harm     .   E - scarf {rC+ rF+}
rCorr   .          Rampage  .   e - +0 pair of gloves of the Lost Path {rPois Dex+2 Slay+3}
Will    .....                   J - +0 pair of boots "Riemin" {+Inv rPois}
Stlth   ..........              w - amulet of magic regeneration
HPRegen 0.30/turn               u - +6 ring of strength
MPRegen 0.66/turn               W - ring of protection from cold

@: berserking, very quick
A: powered by death 2, magic shield, magic regeneration, sturdy frame 2,
weakness stinger 1
a: Renounce Religion, Evoke Invisibility, Berserk, Trog's Hand, Brothers in Arms


You were in an ice cave.
You worshipped Trog.
Trog was extremely pleased with you.
You visited 3 branches of the dungeon, and saw 13 of its levels.
You also visited: Sewer and Ice Cave.

You collected 913 gold pieces.

Inventory:

Hand Weapons
 a - a +0 hand axe
 D - a +3 spear of venom
 M - a +1 war axe of freezing
 Q - a +4 battleaxe of electrocution (weapon)
 S - the +7 spear "Uhapass" {vorpal, Int+4}
   (You took it off an orc knight on level 10 of the Dungeon)

   It inflicts extra damage upon your enemies.
   Int:       It affects your intelligence (+4).
Missiles
 d - 268 stones
 i - 6 boomerangs (quivered)
 q - 2 atropa-tipped darts
 C - 104 sling bullets
 K - 24 poisoned darts
 L - 6 curare-tipped darts
Armour
 e - the +0 pair of gloves of the Lost Path (worn) {rPois Dex+2 Slay+3}
   (You found it on level 10 of the Dungeon)

   Dex:       It affects your dexterity (+2).
   Slay:      It affects your accuracy & damage with ranged weapons and melee
   (+3).
   rPois:     It protects you from poison.
 z - a +1 helmet (worn)
 E - a scarf of resistance (worn)
 H - a +0 crystal plate armour
 J - the +0 pair of boots "Riemin" (worn) {+Inv rPois}
   (You found it on level 7 of the Dungeon)

   rPois:     It protects you from poison.
   +Inv:      It lets you turn invisible.
 U - +0 ice dragon scales (worn)
 V - +0 acid dragon scales
Jewellery
 u - a +6 ring of strength (left hand)
 w - an amulet of magic regeneration (around neck)
 W - a ring of protection from cold (right hand)
 Y - an amulet of faith
Wands
 p - a wand of flame (22)
 N - a wand of charming (11)
 O - a wand of mindburst (14)
 P - a wand of acid (6)
 T - a wand of iceblast (8)
Scrolls
 b - a scroll of vulnerability
 h - a scroll of enchant weapon
 l - 6 scrolls of teleportation
 m - 3 scrolls of fog
 x - a scroll of noise
 y - a scroll of silence
 F - 3 scrolls of immolation
 G - 3 scrolls of blinking
 R - 2 scrolls of identify
 X - a scroll of summoning
Potions
 c - 6 potions of brilliance
 f - 4 potions of mutation
 g - a potion of attraction {unknown}
 j - 3 potions of lignification
 k - 3 potions of curing
 n - 2 potions of magic {unknown}
 o - 4 potions of degeneration
 r - 3 potions of cancellation
 s - 3 potions of berserk rage {unknown}
 t - 3 potions of flight
 v - 2 potions of invisibility {unknown}
 A - 2 potions of haste {unknown}
 B - 2 potions of might {unknown}
 I - a potion of resistance


   Skills:
 - Level 3.0 Fighting
 * Level 13.3 Axes
 * Level 12.5 Throwing
 - Level 1.7 Armour
 - Level 1.7 Dodging
 * Level 9.8 Evocations


You had 11 spell levels left.
You didn't know any spells.
Your spell library contained the following spells:

 Spells                   Type           Power      Damage    Failure   Level
 Foxfire                  Conj/Fire      0%         2x1d4     45%         1
 Blink                    Tloc           0%         N/A       58%         2
 Conjure Flame            Conj/Fire      0%         6-21      83%         3
 Frozen Ramparts          Ice            0%         1d2       83%         3
 Inner Flame              Hex/Fire       0%         N/A       83%         3
 Cause Fear               Hex            0%         N/A       99%         4
 Flame Wave               Conj/Fire      0%         2d4       99%         4
 Ice Form                 Ice/Tmut       0%         N/A       99%         4
 Summon Ice Beast         Ice/Summ       0%         N/A       99%         4
 Manifold Assault         Tloc           0%         N/A       100%        5
 Dragon Form              Tmut           0%         N/A       100%        7
 Storm Form               Tmut/Air       0%         N/A       100%        7
 Dragon's Call            Summ           0%         N/A       100%        9


Dungeon Overview and Level Annotations

Branches:
Dungeon (11/15)            Temple (1/1) D:7            Lair (1/6) D:11
    Orc (0/2) D:9           Sewer (visited)           IceCv (1/1)

Altars:
Ashenzari
Cheibriados
Dithmenos
Elyvilon
Fedhas
Gozag
Hepliaklqana
Kikubaaqudgha
Makhleb
Nemelex Xobeh
Okawaru
Qazlal
Ru
Sif Muna
Trog
Uskayaw
Vehumet
Wu Jian
Xom
Yredelemnul
Zin
The Shining One

Shops:
D:9 *


Innate Abilities, Weirdness & Mutations

You regenerate health from kills.
When hurt, damage is shared between your health and your magic reserves.
You regenerate magic rapidly.
Your movements are less encumbered by armour. (ER -4)
You have a small tail.


Message History

You kill the death yak!
Trog accepts your kill.
You hit the death yak.
The death yak gores you but does no damage.
You hit the death yak.
The death yak is moderately wounded.
You barely miss the death yak.
The death yak gores you but does no damage. x2
You slash the death yak!
Lightning courses through the death yak!!
You tail-slap the death yak, but do no damage.
The death yak is severely wounded.
You hit the death yak. The death yak gores you!! The death yak gores you!
* * * LOW HITPOINT WARNING * * *
You are too injured to fight recklessly!
Unknown command.
The death yak snorts and paws the ground.
A red film seems to cover your vision as you go berserk!
You feel yourself moving faster!
You feel mighty!
You slice the death yak!!
Lightning courses through the death yak!
The death yak is heavily wounded.
You slash the death yak!
Lightning courses through the death yak!
The death yak gores you!
* * * LOW HITPOINT WARNING * * *
The death yak gores you!
* * * LOW HITPOINT WARNING * * *
You slice the death yak!!
The death yak is severely wounded.
You slash the death yak!
You kill the death yak!
Trog accepts your kill.
You barely miss the death yak.
The death yak is severely wounded.
The death yak completely misses you.
You slash the death yak!
The death yak is almost dead.
The death yak gores you!
You die...

#### $[[ ⌠.### ##
### ...#..#
#≈#####....#
#≈#≈#≈≈.### .#
##≈≈≈≈#≈Y.##..#
####≈≈#≈≈≈##@..#
##.≈≈#####..#####
#..### ......
##..## ........
## ##..# #.......
.## #..###
##...... ..#
##...## #..# ###
###..# # #...##


You could see a death yak.

Vanquished Creatures
  A boulder beetle (D:11)
  An ogre mage (D:10)
  2 two-headed ogres (D:10)
  5 death yaks
  An orc knight (D:10)
  A cyclops (D:10)
  A manticore (D:11)
  An elephant (D:11)
  An ugly thing (D:10)
  Maurice (D:10)
  An ice statue (IceCv)
  A komodo dragon (Lair:1)
  2 rime drakes (Lair:1)
  A kobold demonologist (D:10)
  3 trolls
  6 polar bears (IceCv)
  3 hornets
  A raiju (shapeshifter) (D:11)
  2 shadows (D:9)
  21 yaks
  2 wraiths (D:10)
  A wyvern (shapeshifter) (D:10)
  2 wyverns
  A basilisk (D:11)
  Eustachio (D:4)
  A fire elemental (D:7)
  2 fire bats (D:7)
  A steam dragon (D:8)
  5 vampire mosquitoes
  2 acid dragons
  5 orc warriors
  3 ice beasts
  2 black bears
  2 sky beasts (D:6)
  5 ogres
  8 centaurs
  2 necrophages
  11 wolves (IceCv)
  2 phantoms
  4 kobold brigands
  A bullfrog (D:9)
  A wyvern zombie (D:5)
  2 scorpions
  5 gnoll sergeants (D:9)
  2 wyvern skeletons (D:6)
  18 killer bees
  A wight (D:10)
  A howler monkey (D:9)
  5 centaur zombies
  3 orc priests
  4 gnoll shamans
  2 hounds
  2 jellies
  3 bullfrog skeletons
  2 iguanas
  11 orc wizards
  A killer bee zombie (D:7)
  A centaur simulacrum (D:10)
  A howler monkey zombie (D:6)
  13 gnolls
  2 howler monkey skeletons (D:6)
  5 adders
  7 river rats
  A worm (D:2)
  A dart slug (D:3)
  19 orcs
  6 endoplasms
  4 giant cockroaches
  4 goblins
  3 hobgoblins
  4 jackals
  2 quokkas
  11 ball pythons
  8 bats
  5 frilled lizards
  17 kobolds
  16 rats
312 creatures vanquished.

Vanquished Creatures (collateral kills)
  Menkaure (D:7)
  A black bear (D:6)
  A hound (D:7)
  3 gnolls
6 creatures vanquished.

Vanquished Creatures (others)
  A gnoll sergeant (D:6)
  A killer bee (D:7)
  A jelly (D:7)
  A white imp (D:6)
  2 fungi (Lair:1)
6 creatures vanquished.

Grand Total: 324 creatures vanquished

Notes
Turn   | Place    | Note
-------+----------+-------------------------------------------
     0 | D:1      | knot the Demonspawn Berserker began the quest for the Orb.
     0 | D:1      | Reached XP level 1. HP: 18/18 MP: 1/1
    56 | D:1      | Reached skill level 3 in Axes
   203 | D:1      | Gained mutation: You regenerate a little health from kills.
                  | [demonic ancestry]
   203 | D:1      | Reached XP level 2. HP: 16/24 MP: 2/2
   704 | D:1      | Found a faded altar of an unknown god.
   927 | D:2      | Gained mutation: Your movements are slightly less
                  | encumbered by armour. (ER -2) [demonic ancestry]
   927 | D:2      | Reached XP level 3. HP: 29/29 MP: 3/3
  1079 | D:2      | Reached skill level 4 in Axes
  2399 | D:2      | Reached ** piety under Trog
  2681 | D:3      | Found a glowing drain.
  2695 | D:3      | Reached XP level 4. HP: 15/35 MP: 4/4
  2845 | Sewer    | Entered a sewer
  3329 | Sewer    | Reached skill level 1 in Throwing
  3470 | Sewer    | Reached skill level 5 in Axes
  3470 | Sewer    | Reached XP level 5. HP: 28/41 MP: 5/5
  4198 | D:3      | Found a shadowy altar of Dithmenos.
  4201 | D:3      | Found a bloodstained altar of Trog.
  4202 | D:3      | Found a basalt altar of Yredelemnul.
  4202 | D:3      | Found a radiant altar of Vehumet.
  4202 | D:3      | Found a burning altar of Makhleb.
  4204 | D:3      | Found a broken altar of Ashenzari.
  4205 | D:3      | Found a snail-covered altar of Cheibriados.
  4207 | D:3      | Found a sacrificial altar of Ru.
  4883 | D:4      | Gained mutation: You have a small tail. [demonic ancestry]
  4883 | D:4      | Reached XP level 6. HP: 38/47 MP: 6/6
  5688 | D:4      | Noticed Eustachio
  5712 | D:4      | Killed Eustachio
  5713 | D:4      | Reached skill level 6 in Axes
  5826 | D:4      | Gained mutation: You regenerate health from kills. [demonic
                  | ancestry]
  5826 | D:4      | Reached XP level 7. HP: 52/52 MP: 7/7
  6371 | D:5      | Entered Level 5 of the Dungeon
  7259 | D:5      | Reached skill level 7 in Axes
  7259 | D:5      | Reached skill level 5 in Throwing
  7327 | D:5      | Reached XP level 8. HP: 58/58 MP: 8/8
  8701 | D:6      | Reached skill level 8 in Axes
  9883 | D:6      | Gained mutation: You regenerate magic rapidly. [demonic
                  | ancestry]
  9883 | D:6      | Reached XP level 9. HP: 60/63 MP: 9/9
 10319 | D:7      | Reached skill level 9 in Axes
 10396 | D:7      | HP: 3/63 [poisoned by a killer bee]
 10397 | D:7      | HP: 1/63 [poisoned by a killer bee]
 10709 | D:7      | Found a transporter.
 10736 | D:7      | Found a transporter.
 10747 | D:7      | HP: 1/94 [fire elemental (5)]
 11075 | D:7      | Identified the +0 pair of boots "Riemin" {+Inv rPois}
 11147 | D:7      | Noticed Menkaure
 11622 | D:7      | HP: 1/63 [gnoll (4)]
 11625 | D:7      | Killed Menkaure
 11626 | D:7      | Reached skill level 10 in Axes
 12171 | D:7      | Found a staircase to the Ecumenical Temple.
 12180 | Temple   | Entered the Ecumenical Temple
 12495 | D:8      | Found a hazy altar of Hepliaklqana.
 12495 | D:8      | Found an ancient bone altar of Kikubaaqudgha.
 12635 | D:8      | Reached *** piety under Trog
 12649 | D:8      | Reached skill level 1 in Evocations
 12661 | D:8      | Reached XP level 10. HP: 41/70 MP: 10/10
 13212 | D:8      | Found a hide-covered altar of Uskayaw.
 14492 | D:9      | Found Taakeir's General Store.
 14757 | D:9      | Found a staircase to the Orcish Mines.
 15608 | D:10     | Entered Level 10 of the Dungeon
 15637 | D:10     | Identified the +0 pair of gloves of the Lost Path {rPois
                  | Dex+2 Slay+3}
 15666 | D:10     | Reached skill level 11 in Axes
 16151 | D:10     | Noticed a two-headed ogre
 16157 | D:10     | Killed a two-headed ogre
 16158 | D:10     | Reached skill level 10 in Throwing
 16158 | D:10     | Reached skill level 5 in Evocations
 16322 | D:10     | Gained mutation: When hurt, damage is shared between your
                  | health and your magic reserves. [demonic ancestry]
 16322 | D:10     | Reached XP level 11. HP: 71/75 MP: 11/11
 16601 | D:10     | Noticed Maurice
 16627 | D:10     | Killed Maurice
 16652 | D:10     | Noticed a green ugly thing
 16661 | D:10     | Killed a green ugly thing
 16813 | D:10     | Reached **** piety under Trog
 16819 | D:10     | Identified the +7 spear "Uhapass" {vorpal, Int+4}
 16819 | D:10     | Noticed an orc knight
 16822 | D:10     | Killed an orc knight
 16845 | D:10     | Noticed a two-headed ogre
 16853 | D:10     | Killed a two-headed ogre
 17156 | D:10     | Noticed an ogre mage
 17167 | D:10     | Killed an ogre mage
 17168 | D:10     | Reached skill level 12 in Axes
 18311 | D:11     | Noticed a boulder beetle
 18320 | D:11     | Found a staircase to the Lair.
 18322 | D:11     | Killed a boulder beetle
 18323 | D:11     | Gained mutation: Your movements are less encumbered by
                  | armour. (ER -4) [demonic ancestry]
 18323 | D:11     | Reached XP level 12. HP: 56/81 MP: 9/12
 18941 | Lair:1   | Entered Level 1 of the Lair of Beasts
 18962 | Lair:1   | Found a frozen archway.
 18962 | Lair:1   | Noticed a death yak
 18962 | Lair:1   | Noticed a death yak
 18962 | Lair:1   | Noticed a death yak
 18967 | Lair:1   | Killed a death yak
 18975 | Lair:1   | Killed a death yak
 18981 | Lair:1   | Killed a death yak
 19085 | IceCv    | Entered an ice cave
 19257 | IceCv    | Reached skill level 13 in Axes
 19427 | IceCv    | Identified the +2 ring mail of Peek-a-Boo {+Inv rCorr Str-4
                  | SInv}
 19626 | IceCv    | Reached ***** piety under Trog
 19733 | IceCv    | Noticed a death yak
 19733 | IceCv    | Noticed a death yak
 19733 | IceCv    | Noticed a death yak
 19741 | IceCv    | Killed a death yak
 19746 | IceCv    | HP: 4/121 [death yak (10)]
 19747 | IceCv    | Killed a death yak
 19749 | IceCv    | Mangled by a death yak

Illustrated notes

Levels and vault maps discovered:
D:1:      minmay_arrival_nine_rooms, layout_rooms, basic_ecumenical_altar
D:2:      layout_basic
D:3:      layout_loops_ring, minitemple, portal_sewer_entry_b,
          lemuel_old_faithful
D:4:      layout_basic, uniq_eustachio
D:5:      layout_layer_cave, minivault_24
D:6:      minmay_chambers_of_threes, layout_basic
D:7:      gammafunk_cloud_chamber, layout_loops_cross, lemuel_temple_firewalk_b,
          uniq_menkaure
D:8:      minmay_flawed_box, layout_basic, lemuel_coloured_pillars_altar,
          grunt_temple_overflow_open, serial_aquarium,
          aquarium_bridge_island_small [aquarium_subvault_small_water,
          aquarium_subvault_balcony, aquarium_subvault_balcony,
          aquarium_subvault_bridge, aquarium_subvault_wall],
          aquarium_window_fake, aquarium_window_fake, aquarium_window_fake,
          aquarium_view_2c, aquarium_view_2g, aquarium_pool_double
D:9:      minmay_general_purpose_star, layout_loops_ring,
          kennysheep_orc_monster_closet_entryway, serial_shops,
          nicolae_shop_crystal, minmay_misc_feat_nine_boxes,
          hangedman_decor_points
D:10:     minmay_the_grid_net [minmay_the_grid_outer_diamond,
          minmay_the_grid_minigrid_medium, minmay_the_grid_spikes,
          minmay_the_grid_slots, minmay_the_grid_small_cups,
          minmay_the_grid_prize_inner_circle], layout_stronghold, uniq_maurice
D:11:     layout_roguey, david_lair_generic
Temple:   zaba_magenta_temple
Lair:1:   layout_small_grid, portal_ice_cave_rime
IceCv:    ice_cave_caverns_03

Skill      XL: |  1  2  3  4  5  6  7  8  9 10 11 12 |
---------------+-------------------------------------+-----
Axes           | 3 4 5 6 7 8 10 11 12 13 | 13.3
Throwing       | 1 2 3 5 7 8 10 11 12 | 12.5
Evocations     | 1 5 7 9 |  9.8
Fighting       | |  3.0
Armour         | |  1.7
Dodging        | |  1.7

Action                   |  1- 3 |  4- 6 |  7- 9 | 10-12 || total
-------------------------+-------+-------+-------+-------++-------
Melee: Hand axe          |   107 |   163 |   123 |       ||   393
       Punch             |     1 |     4 |     2 |     4 ||    11
       Tailslap          |       |     3 |    50 |    75 ||   128
       Spear             |       |       |   199 |   305 ||   504
       Battleaxe         |       |       |       |   280 ||   280
Throw: Boomerang         |       |    19 |    75 |    29 ||   123
Invok: Berserk           |     6 |     7 |     7 |    12 ||    32
       Trog's Hand       |       |       |     2 |       ||     2
Evoke: Wand              |       |       |     6 |    10 ||    16
  Use: Scroll            |       |       |    14 |     6 ||    20
       Potion            |       |       |     2 |       ||     2
 Stab: Sleeping          |     3 |     5 |       |       ||     8
Armor: Animal skin       |    22 |    13 |       |       ||    35
       Chain mail        |       |       |    86 |       ||    86
       Crystal plate arm |       |       |   137 |   235 ||   372
       Acid dragon scale |       |       |       |    73 ||    73
       Ice dragon scales |       |       |       |    50 ||    50
Dodge: Dodged            |    75 |    95 |    85 |   194 ||   449

Table legend: (Time is in decaauts)
 A = Elapsed time spent in this place.
 B = Non-inter-level travel time spent in this place.
 C = Inter-level travel time spent in this place.
 D = Time resting spent in this place.
 E = Time spent auto-exploring this place.
 F = Levels seen in this place.
 G = Mean time per level.
                   A        B        C        D        E       F      G
               +--------+--------+--------+--------+--------+-----+--------+
         Total |  20030 |  19418 |    612 |   6732 |  10162 |  15 | 1335.3 |
       Dungeon |  18070 |  17477 |    593 |   6220 |   9184 |  11 | 1642.7 |
        Temple |     73 |     55 |     18 |      0 |     50 |   1 |   73.0 |
          Lair |    154 |    154 |      0 |    104 |      0 |   1 |  154.0 |
         Sewer |   1043 |   1043 |      0 |    357 |    471 |   1 | 1043.0 |
      Ice Cave |    689 |    689 |      0 |     49 |    456 |   1 |  689.0 |
               +--------+--------+--------+--------+--------+-----+--------+

Top non-repeatable levels by time:
     D:4: 2142 daAuts
     D:7: 2080 daAuts
     D:6: 1996 daAuts
     D:8: 1831 daAuts
    D:10: 1796 daAuts
     D:5: 1769 daAuts
     D:2: 1733 daAuts
     D:9: 1723 daAuts
    D:11: 1166 daAuts
   Sewer: 1043 daAuts
     D:1: 946 daAuts
     D:3: 884 daAuts
   IceCv: 689 daAuts
  Lair:1: 154 daAuts
  Temple: 73 daAuts
